 Dungeon Crawl Stone Soup version 0.19.5 (webtiles) character file.

10595 JeffiDaFish the Cleaver (level 11, -4/68 HPs)
             Began as a Gargoyle Fighter on Sept 25, 2017.
             Slain by a white ugly thing (6 damage)
             ... in an ice cave on Sept 26, 2017.
             The game lasted 00:26:30 (8613 turns).

JeffiDaFish the Cleaver (Gargoyle Fighter)          Turns: 8613, Time: 00:26:31

Health: -4/68      AC: 27    Str: 21    XL:     11   Next: 64%
Magic:  11/11      EV:  6    Int:  8    God:
Gold:   788        SH: 12    Dex: 10    Spells: 0 memorised, 10 levels left

rFire  . . .     SeeInvis .     s - +5 hand axe
rCold  . . .     Gourm    .     b - +0 plate armour
rNeg   + + .     Faith    .     c - +0 shield
rPois  ∞         Spirit   .     r - +2 hat {MR+}
rElec  +         Reflect  .     i - +0 cloak
rCorr  .         Harm     .     l - +0 pair of gloves
MR     +....                    j - +0 pair of boots
Stlth  ..........               (no amulet)
                                (no ring)
                                e - ring of positive energy

@: no status effects
A: big wings, horns 1, clumsy 1, negative energy resistance 1, electricity
resistance, unbreathing, petrification resistance, rot immunity, AC +7
a: Fly


You were in an ice cave.
You were not hungry.

You visited 2 branches of the dungeon, and saw 12 of its levels.
You also visited: Ice Cave.

You collected 788 gold pieces.

Inventory:

Hand Weapons
 s - a +5 hand axe (weapon)
Armour
 b - a +0 plate armour (worn)
 c - a +0 shield (worn)
 i - a +0 cloak (worn)
 j - a +0 pair of boots (worn)
 l - a +0 pair of gloves (worn)
 r - a +2 hat of magic resistance (worn)
Jewellery
 e - a ring of positive energy (left hand)
Scrolls
 p - 5 scrolls of remove curse
 q - 2 scrolls of identify
 u - a scroll of blinking
Potions
 d - a potion of agility
 g - a potion of cancellation
 h - 2 potions of resistance
 m - a potion of brilliance
 n - a potion of curing
Comestibles
 a - 3 fruits
 f - 12 bread rations
 k - 5 slices of pizza
 v - 7 beef jerkies


   Skills:
 + Level 8.2 Fighting
 + Level 11.2 Axes
 + Level 8.3 Armour
 + Level 1.9 Dodging
 + Level 1.0 Stealth
 + Level 10.1 Shields


You had 10 spell levels left.
You didn't know any spells.

Dungeon Overview and Level Annotations

Branches:
Dungeon (11/15)            Temple (1/1) D:4            Lair (0/6) D:11
    Orc: D:9-12

Altars:
Ashenzari
Cheibriados
Dithmenos
Elyvilon
Fedhas
Gozag
Hepliaklqana
Makhleb
Nemelex Xobeh
Qazlal
Ru
Sif Muna
Trog
Uskayaw
Vehumet
Xom
Yredelemnul

Shops:
D:5 %


Innate Abilities, Weirdness & Mutations

You are resistant to torment.
Your stone body is resilient. (AC +7)
You are immune to poison.
You resist negative energy. (rN+)
You are resistant to electric shocks. (rElec)
You can survive without breathing.
You are immune to petrification.
You are immune to rotting.
Your large and strong wings let you fly indefinitely.
You have a pair of small horns on your head.
You are clumsy. (Dex -2)


Message History

The white ugly thing bites you. The white ugly thing freezes you!!
Ouch! That really hurt!
You hit the white ugly thing.
Your headbutt misses the white ugly thing.
The white ugly thing is moderately wounded.
You block the white ugly thing's attack.
You slash the white ugly thing!
The white ugly thing is heavily wounded.
The white ugly thing bites you but does no damage.
You hit the white ugly thing.
The white ugly thing is heavily wounded.
You hit the white ugly thing.
The white ugly thing is heavily wounded.
The white ugly thing bites you. The white ugly thing freezes you!!
* * * LOW HITPOINT WARNING * * *
You slash the white ugly thing!
You headbutt the white ugly thing, but do no damage.
The white ugly thing is severely wounded.
The white ugly thing bites you.
You die...

####### ####### ####
#.....## ##..:?)# ....#
#......###...../# .....
#.......#.......#......
#.......#.......#......
#.∩..∩..@u.............
#.......#.......#......
#.......#.......# .....
#......###......# ....
#.....## ##..=).# ..#
####### ####### ##


You could see a white ugly thing.

Vanquished Creatures
  Gastronok (D:8)
  2 hill giants (D:10)
  Pikel (D:8)
  A gargoyle (D:10)
  2 ice devils (D:11)
  A troll (D:9)
  A two-headed ogre (D:10)
  A hippogriff (D:7)
  3 wyverns
  Grum (D:8)
  3 hungry ghosts
  An eye of draining (D:10)
  A black bear (D:6)
  2 orc warriors
  4 sky beasts
  A slave (D:8)
  9 ice beasts
  A phantom (D:7)
  A necrophage (D:10)
  8 ogres
  2 centaurs
  3 wolves (D:8)
  A crocodile (D:9)
  A big kobold (D:9)
  A gnoll sergeant (D:6)
  A wyvern zombie (D:7)
  5 bullfrogs
  2 scorpions
  7 wights
  4 killer bees (D:10)
  A bullfrog zombie (D:6)
  6 crimson imps
  4 hounds
  2 bullfrog skeletons
  A gnoll shaman (D:6)
  A jelly (D:10)
  6 orc priests
  A centaur skeleton (D:7)
  3 iguanas
  5 orc wizards
  6 worker ants
  2 hound zombies
  A hound skeleton (D:8)
  A worker ant zombie (D:8)
  Robin (D:3)
  A howler monkey skeleton (D:5)
  7 gnolls (D:6)
  12 adders
  An adder zombie (D:6)
  2 adder skeletons
  2 leopard geckos (D:3)
  22 orcs
  5 bats
  6 giant cockroaches
  15 goblins
  3 hobgoblins
  4 jackals
  11 kobolds
  4 quokkas
  3 ball pythons
  3 frilled lizards
  A quokka skeleton (D:4)
  8 rats
223 creatures vanquished.

Vanquished Creatures (others)
  An ogre (D:8)
1 creature vanquished.

Grand Total: 224 creatures vanquished

Notes
Turn   | Place    | Note
-------+----------+-------------------------------------------
     0 | D:1      | JeffiDaFish the Gargoyle Fighter began the quest for the Orb.
     0 | D:1      | Reached XP level 1. HP: 14/14 MP: 1/1
   282 | D:1      | Reached skill level 2 in Axes
   282 | D:1      | Reached XP level 2. HP: 19/19 MP: 2/2
   478 | D:2      | Found a snail-covered altar of Cheibriados.
   521 | D:2      | Reached XP level 3. HP: 21/23 MP: 3/3
   744 | D:2      | Gained mutation: You are clumsy. (Dex -2) [potion of mutation]
   744 | D:2      | Gained mutation: Your large and strong wings let you fly indefinitely. [potion of mutation]
   744 | D:2      | Gained mutation: You have a pair of small horns on your head. [potion of mutation]
   813 | D:2      | Reached XP level 4. HP: 29/29 MP: 4/4
   864 | D:2      | Found a deep blue altar of Sif Muna.
  1241 | D:3      | Noticed Robin
  1276 | D:3      | Killed Robin
  1362 | D:3      | Reached XP level 5. HP: 28/33 MP: 5/5
  1486 | D:3      | Reached skill level 3 in Axes
  1900 | D:4      | Found a staircase to the Ecumenical Temple.
  1912 | Temple   | Entered the Ecumenical Temple
  2188 | D:4      | You are sucked into a shaft!
  2188 | D:5      | Entered Level 5 of the Dungeon
  2210 | D:5      | Noticed a sky beast
  2244 | D:5      | Killed a sky beast
  2244 | D:5      | Reached skill level 5 in Shields
  2244 | D:5      | Reached XP level 6. HP: 8/38 MP: 6/6
  2606 | D:5      | Reached skill level 4 in Axes
  2611 | D:5      | Reached XP level 7. HP: 37/44 MP: 7/7
  2781 | D:5      | Found Todit Rye's Food Emporium.
  2959 | D:6      | Reached skill level 5 in Armour
  3040 | D:6      | Reached skill level 5 in Axes
  3040 | D:6      | Reached skill level 1 in Dodging
  3040 | D:6      | Reached XP level 8. HP: 32/48 MP: 8/8
  3180 | D:6      | Reached skill level 5 in Fighting
  3389 | D:6      | Reached skill level 6 in Axes
  3909 | D:7      | Reached skill level 7 in Axes
  3909 | D:7      | Reached XP level 9. HP: 38/54 MP: 9/9
  4276 | D:7      | Found a bloodstained altar of Trog.
  4956 | D:8      | Reached skill level 8 in Axes
  5692 | D:8      | Noticed Pikel
  5720 | D:8      | Killed Pikel
  5720 | D:8      | Reached skill level 9 in Axes
  5720 | D:8      | Reached XP level 10. HP: 61/61 MP: 10/10
  5947 | D:8      | Noticed Grum
  5965 | D:8      | Killed Grum
  6053 | D:8      | Noticed Gastronok
  6071 | D:8      | Killed Gastronok
  6705 | D:9      | Found a sacrificial altar of Ru.
  6718 | D:9      | Reached skill level 10 in Axes
  6973 | D:9      | Reached XP level 11. HP: 60/67 MP: 11/11
  7319 | D:10     | Entered Level 10 of the Dungeon
  7319 | D:10     | Noticed a hill giant
  7336 | D:10     | Killed a hill giant
  7913 | D:10     | Noticed a hill giant
  7935 | D:10     | Killed a hill giant
  8112 | D:10     | Found a bloodstained altar of Trog.
  8219 | D:11     | Reached skill level 10 in Shields
  8242 | D:11     | Reached skill level 1 in Stealth
  8273 | D:11     | Found a frozen archway.
  8293 | D:11     | Reached skill level 11 in Axes
  8319 | IceCv    | Entered an ice cave
  8595 | IceCv    | Noticed a white ugly thing
  8612 | IceCv    | HP: 2/68 [white ugly thing (31)]
  8613 | IceCv    | Slain by a white ugly thing

Skill      XL: |  1  2  3  4  5  6  7  8  9 10 11 |
---------------+----------------------------------+-----
Axes           | 2 3 4 5 7 9 10 11 | 11.2
Shields        | 4 5 6 8 9 10 | 10.1
Fighting       | 4 5 6 7 8 |  8.2
Armour         | 4 5 7 8 |  8.3
Dodging        | 1 |  1.9
Stealth        | 1 |  1.0

Action                   |  1- 3 |  4- 6 |  7- 9 | 10-12 || total
-------------------------+-------+-------+-------+-------++-------
Melee: War axe           |   131 |   235 |   372 |       ||   738
       Headbutt          |       |    22 |    79 |    69 ||   170
       Hand axe          |       |       |    74 |   382 ||   456
 Abil: Fly               |     1 |       |       |       ||     1
       Stop Flying       |       |       |       |     1 ||     1
  Use: Potion            |     3 |     8 |     3 |     4 ||    18
       Scroll            |     1 |     5 |     6 |     5 ||    17
  Eat: Chunk             |       |     6 |    13 |     8 ||    27
       Meat ration       |       |       |     1 |       ||     1
       Royal jelly       |       |       |     1 |       ||     1
Armor: Scale mail        |    23 |       |       |       ||    23
       Plate armour      |    85 |   201 |   263 |   185 ||   734
Dodge: Dodged            |    22 |    36 |    72 |    68 ||   198
Block: Shield            |    72 |   146 |   217 |   197 ||   632
